 Dungeon Crawl Stone Soup version 0.30.0-18-gc0e69614cb (webtiles) character file.

Game seed: 6036640066324149341

27 KittyFluff the Trooper (level 3, -2/34 HPs)
             Began as a Gargoyle Berserker on May 24, 2023.
             Was a Follower of Trog.
             Slain by Robin
             ... wielding a +2 spear of venom
              (8 damage)
             ... on level 2 of the Dungeon.
             The game lasted 00:04:03 (671 turns).

KittyFluff the Trooper (Gargoyle Berserker)          Turns: 671, Time: 00:04:05

Health: -2/34      AC:  5    Str: 20    XL:     3   Next: 10%
Magic:  3/3        EV: 12    Int:  7    God:    Trog [*.....]
Gold:   64         SH:  0    Dex: 11    Spells: 2/2 levels left

rFire   . . .        a - +0 mace
rCold   . . .        (no shield)
rNeg    + . .        b - +0 animal skin
rPois   ∞            (no helmet)
rElec   +            (no cloak)
rCorr   +            (no gloves)
SInv    .            (no boots)
Will    .....        (no amulet) Stlth
                     d - ring of resist corrosion
HPRegen 0.25/turn    (no ring)
MPRegen 0.08/turn

%: no passive effects
@: berserking, very quick
A: sickness immunity, AC +3, negative energy resistance 1, electricity
resistance, torment resistance 1, petrification resistance
a: Renounce Religion, Berserk


You were on level 2 of the Dungeon.
You worshipped Trog.
Trog was aware of your devotion.
You visited 1 branch of the dungeon, and saw 2 of its levels.

You collected 64 gold pieces.

Inventory:

Hand Weapons
 a - a +0 mace (weapon)
Missiles
 k - 13 stones (quivered)
Armour
 b - a +0 animal skin (worn)
Jewellery
 d - a ring of resist corrosion (left hand)
Scrolls
 c - a scroll of noise {unknown}
 g - a scroll of blinking {unknown}
Potions
 e - a potion of attraction
 i - a potion of lignification
 j - a potion of magic {unknown}
 l - a potion of curing {unknown}


   Skills:
 + Level 3.6 Fighting
 + Level 3.4 Maces & Flails
 * Level 2.5 Armour
 + Level 1.9 Dodging
 + Level 0.2 Stealth


You had 2 spell levels left.
You didn't know any spells.
Your spell library was empty.

Dungeon Overview and Level Annotations

Branches:
Dungeon (2/15)

Altars:

Annotations:
D:2 Robin


Innate Abilities, Weirdness & Mutations

You are immune to sickness and miasma.
Your stone body is resilient. (AC +3)
You are immune to poison.
You resist negative energy. (rN+)
You are resistant to electric shocks. (rElec)
You are resistant to unholy torment.
You are immune to petrification.


Message History

You hear an angry hiss.
You hit the hobgoblin but do no damage.
The goblin no longer looks unusually strong.
A ball python comes into view.
The hobgoblin hits you.
Robin roars a battlecry!
The goblin goes into a battle-frenzy!
You barely miss the hobgoblin.
The hobgoblin no longer looks unusually strong. x2
The hobgoblin closely misses you. Robin throws the goblin at you!
You closely miss the goblin.
The hobgoblin no longer looks unusually strong.
The hobgoblin closely misses you.
Robin says, "Bow before me, strongest of all the hobgoblins!"
The goblin barely misses you.
You hit the hobgoblin.
The hobgoblin is severely wounded.
The hobgoblin hits you. The goblin misses you. The hobgoblin barely misses you.
The goblin closely misses you.
You hit the hobgoblin but do no damage.
The hobgoblin is severely wounded.
The hobgoblin barely misses you. The goblin hits you but does no damage.
Robin roars a battlecry!
The goblins go into a battle-frenzy!
You closely miss the hobgoblin.
The hobgoblin is severely wounded.
The hobgoblin closely misses you. The goblin barely misses you.
You hit the hobgoblin.
You kill the hobgoblin!
Trog accepts your kill. The goblin hits you with a +0 club.
The goblin barely misses you. The goblin hits you with a +0 club.
* * * LOW HITPOINT WARNING * * *
A red film seems to cover your vision as you go berserk!
You feel yourself moving faster!
You feel mighty! The goblin hits you with a +0 club.
* * * LOW HITPOINT WARNING * * *
The goblin misses you.
Robin hits you from afar with a +2 spear of venom!
You die...

#.#.##.# .. .........
.......#... .......#
........... #gg...##
........... #g....$#
........... #.....(#
.........#. #......#
........... #......#
...#...#### ######gS.[..#
####..#######..g@ggg....#
## .####.....####gg....#
.. .#....##### #.)....#
.####.#### ########


PPPPP..# ....P#.# P.PPP#.# ..P.P#.# PPP.P..# You could see Robin, 2 hobgoblins,
4 goblins and a ball python.

Vanquished Creatures
  2 dart slugs (D:1)
  3 bats (D:1)
  3 goblins
  4 hobgoblins (D:2)
  A kobold (D:2)
  4 ball pythons
  2 frilled lizards (D:1)
  4 rats
23 creatures vanquished.

Notes
Turn   | Place    | Note
-------+----------+-------------------------------------------
     0 | D:1      | KittyFluff the Gargoyle Berserker began the quest for the
                  | Orb.
     0 | D:1      | Reached XP level 1. HP: 14/14 MP: 1/1
   146 | D:1      | Reached XP level 2. HP: 13/19 MP: 2/2
   649 | D:2      | Noticed Robin
   662 | D:2      | Reached XP level 3. HP: 14/23 MP: 3/3
   671 | D:2      | Slain by Robin

Illustrated notes

Levels and vault maps discovered:
D:1:      minmay_arrival_shoal_huts, layout_rooms, nrook_mini_vaults
D:2:      layout_rooms, basic_altar, glass_columns_c, minmay_hedge_maze,
          uniq_robin

Action                     || total
---------------------------++-------
  Melee: Mace              ||    59
    Use: Scroll            ||     3
         Potion            ||     1
 Armour: Animal skin       ||    14
  Dodge: Dodged            ||    40
